 Dungeon Crawl Stone Soup version 0.18-a0-1685-g4482fe3 (webtiles) character file.

196 Ebgish the Conjurer (level 5, 0/38 HPs)
             Began as a Draconian Conjurer on Apr 4, 2016.
             Slain by Pikel
             ... wielding a +1 whip of flaming
              (3 damage)
             ... on level 4 of the Dungeon.
             The game lasted 00:11:17 (3342 turns).

Ebgish the Conjurer (Draconian Conjurer)            Turns: 3342, Time: 00:11:19

Health: 0/38       AC:  6    Str: 10      XL:     5   Next: 46%
Magic:  6/10       EV:  7    Int: 16      God:
Gold:   132        SH:  0    Dex: 11 (12) Spells: 3 memorised, 3 levels left

rFire  . . .     SeeInvis .     e - +0 dagger
rCold  . . .     Gourm    .     (armour unavailable)
rNeg   . . .     Faith    .     (no shield)
rPois  .         Spirit   .     (helmet restricted)
rElec  .         Dismiss  .     l - +0 cloak
rCorr  .         Reflect  .     (no gloves)
SustAt .         Harm     .     (no boots)
MR     .....                    (no amulet)
Stlth  ++........               (no ring)
                                (no ring)

@: not resistant to hostile enchantments, unstealthy
A: unfitting armour, sense surroundings 1, cold-blooded, AC +5
a: no special abilities


You were on level 4 of the Dungeon.
You were hungry.

You visited 1 branch of the dungeon, and saw 4 of its levels.

You collected 132 gold pieces.

Inventory:

Hand Weapons
 e - a +0 dagger (weapon)
Armour
 l - a +0 cloak (worn)
 o - a cursed +0 pair of gloves
Jewellery
 i - an uncursed ring of sustain attributes {unknown}
 j - an uncursed ring of positive energy {unknown}
 k - an uncursed amulet of faith {unknown}
 n - an uncursed ring of see invisible {unknown}
 p - an uncursed ring of wizardry {unknown}
Potions
 h - a potion of might
Books
 a - a book of Conjurations

   Spells                             Type                      Level
   a - Magic Dart                     Conjuration                  1
   b - Searing Ray                    Conjuration                  2
   c - Dazzling Spray                 Conjuration/Hexes            3
   d - Fulminant Prism                Conjuration/Hexes            4
   e - Iskenderun's Mystic Blast      Conjuration                  4
   f - Iskenderun's Battlesphere      Conjuration/Charms           5
Comestibles
 b - 2 bread rations
 c - 5 fruits
 d - 2 meat rations
 f - 2 slices of pizza
 g - a beef jerky


   Skills:
 - Level 1.7 Dodging
 - Level 1.7 Stealth
 * Level 3.3 Spellcasting
 * Level 6.0 Conjurations


You had 3 spell levels left.
You knew the following spells:

 Your Spells              Type           Power        Failure   Level  Hunger
a - Searing Ray           Conj           ###...       2%          2    ##.....
b - Iskenderun's Mystic   Conj           ###.....     17%         4    ####...
f - Magic Dart            Conj           ###.         1%          1    None


Dungeon Overview and Level Annotations

Branches:
Dungeon (4/15)
 Temple: D:4-7

Altars:
Dithmenos
Fedhas
Gozag
The Shining One

Annotations:
D:4 Pikel


Innate Abilities, Weirdness & Mutations

Your plain brown scales are hard (AC +5).
Your body does not fit into most forms of armour.
You are cold-blooded and may be slowed by cold attacks.
You passively map a small area around you.


Message History

There is a stone staircase leading up here.
Casting: Magic Dart
Confirm with . or Enter, or press ? or * to list all spells.
Aiming: Searing Ray
Press: ? - help, Shift-Dir - straight line, f - Pikel
Aim: Pikel, wielding a whip of flaming, wearing a robe and carrying a wand of enslavement {empty} (lightly wounded)
The searing ray hits Pikel.
Pikel is moderately wounded.
The searing ray hits Pikel.
Pikel is moderately wounded.
Pikel says, "You'll feel the lick of my whip!"
The searing ray misses Pikel.
The searing ray misses the slave.
Pikel hits you with a whip of flaming!
* * * LOW HITPOINT WARNING * * *
Pikel burns you.
* * * LOW HITPOINT WARNING * * *
Drink which item? (? for menu, Esc to quit)
Okay, then.
Pikel hits you with a whip of flaming.
You die...

, ##.#.......# #.(#....#
#.......##.# #..#..>.#
#.......##.# #..#....#
#.......##.# #..#....## * *
#.......##p#######..#......
#.......##.#>..K.p.........
##.#.....#p#.#####..#...... *
#.#####.#K#K#####..#...... ,*
#........@#........#......
#.#####......########....#......
#............'......p....#......
#######......########.##.#.#####
#...#### * #.##.#.# #...# * *
#.# , , #...# *, , #.# * #####
,, , #.# * , , #.# * *


You could see Pikel and 2 slaves.

Vanquished Creatures
  2 slaves (D:3)
  A centaur skeleton (D:4)
  Jessica (D:3)
  A worker ant (D:4)
  6 adders
  An adder zombie (D:3)
  2 worms (D:3)
  2 dart slugs
  A giant gecko (D:3)
  5 orcs
  2 bats
  3 giant cockroaches
  5 goblins
  7 hobgoblins
  A quokka (D:3)
  2 giant newts
  4 kobolds
  3 rats
49 creatures vanquished.

Notes
Turn   | Place    | Note
--------------------------------------------------------------
     0 | D:1      | Ebgish the Draconian Conjurer began the quest for the Orb.
     0 | D:1      | Reached XP level 1. HP: 14/14 MP: 3/3
   151 | D:1      | Gained mutation: You passively map a small area around you. [potion of beneficial mutation]
   303 | D:1      | Reached XP level 2. HP: 20/20 MP: 1/5
   361 | D:1      | Learned a level 2 spell: Searing Ray
   935 | D:2      | Found a shadowy altar of Dithmenos.
  1040 | D:2      | Reached XP level 3. HP: 26/26 MP: 3/6
  1474 | D:2      | Reached skill level 5 in Conjurations
  1840 | D:3      | Found a faded altar to an unknown god.
  1927 | D:3      | Noticed Jessica
  1931 | D:3      | Killed Jessica
  1931 | D:3      | Reached XP level 4. HP: 30/33 MP: 2/7
  1946 | D:3      | Found an opulent altar of Gozag.
  2030 | D:3      | Found a glowing golden altar of the Shining One.
  2502 | D:3      | Learned a level 4 spell: Iskenderun's Mystic Blast
  2505 | D:3      | Found a blossoming altar of Fedhas.
  2599 | D:4      | Reached XP level 5. HP: 38/38 MP: 3/9
  2777 | D:4      | Reached skill level 6 in Conjurations
  2859 | D:4      | Noticed Pikel
  2859 | D:4      | Noticed a slave
  2859 | D:4      | Noticed a slave
  2859 | D:4      | Noticed a slave
  2860 | D:4      | Noticed a slave
  2974 | D:3      | Killed a slave
  3233 | D:3      | Killed a slave
  3342 | D:4      | Slain by Pikel

Vault maps used:
D:1:      dpeg_arrival_line_fractal
D:2:      lemuel_round_altar, dk_noncrumbling_3
D:3:      tso_oasis_becter, lemuel_crystal_altar, ecumenical_altar_2,
          serial_bayou_pond_d, grunt_gozag_breadcrumbs, uniq_jessica
D:4:      first_bread, elyvilon_altar_4, uniq_pikel

Skill      XL: |  1  2  3  4  5 |
---------------+----------------+-----
Conjurations   | 5 6 |  6.0
Spellcasting   | 3 |  3.3
Dodging        | |  1.7
Stealth        | |  1.7

Action                   |  1- 3 |  4- 6 || total
-------------------------+-------+-------++-------
Melee: Unarmed           |     9 |       ||     9
       Dagger            |    11 |    38 ||    49
 Cast: Magic Dart        |    64 |    66 ||   130
       Searing Ray       |       |     9 ||     9
  Use: Potion            |     4 |     2 ||     6
       Scroll            |     6 |     1 ||     7
  Eat: Chunk             |     4 |     5 ||     9
